 Dungeon Crawl Stone Soup version 0.26-a0-639-g72c4674329 (webtiles) character file.

Game seed: 5538668597333804036

6668 Flugslaktarn the Cleaver (level 10, -1/98 HPs)
             Began as a Deep Dwarf Fighter on Sept 29, 2020.
             Was a Priest of Makhleb.
             Slain by a fire giant
             ... wielding a +1 great sword of flaming
              (30 damage)
             ... on level 11 of the Dungeon.
             The game lasted 00:04:26 (5850 turns).

Flugslaktarn the Cleaver (Deep Dwarf Fighter)       Turns: 5850, Time: 00:04:26

Health: -1/98      AC: 14    Str: 28    XL:     10   Next: 73%
Magic:  8/8        EV:  7    Int:  9    God:    Makhleb [***...]
Gold:   515        SH: 12    Dex: 13    Spells: 9/9 levels left

rFire    + . .     SeeInvis +   B - +4 war axe of Gehenna {vorpal, rPois Str+6 SInv}
rCold    . . .     Faith    .   c - +0 kite shield
rNeg     . . .     Spirit   .   y - +1 chain mail {rF+}
rPois    +         Reflect  .   j - +0 helmet
rElec    .         Harm     .   I - +0 cloak
rCorr    .         Rampage  .   (no gloves)
MR       +....                  (no boots)
Stlth    ..........             (no amulet)
HPRegen  0.00/turn              (no ring)
MPRegen  0.11/turn              i - ring of see invisible

@: non-regenerating
A: damage resistance, heal wounds, sense surroundings 2, no regeneration
a: Heal Wounds, Minor Destruction, Lesser Servant of Makhleb, Renounce Religion


You were on level 11 of the Dungeon.
You worshipped Makhleb.
Makhleb was most pleased with you.
You visited 1 branch of the dungeon, and saw 11 of its levels.
You also visited: Sewer.

You collected 515 gold pieces.

Inventory:

Hand Weapons
 B - the +4 war axe of Gehenna (weapon) {vorpal, rPois Str+6 SInv}
   (You found it on level 5 of the Dungeon)

   It inflicts extra damage upon your enemies.
   It affects your strength (+6).
   It protects you from poison.
   It lets you see invisible.
Armour
 b - a +0 scale mail
 c - a +0 kite shield (worn)
 j - a +0 helmet (worn)
   (You took it off Robin on level 2 of the Dungeon)
 y - a +1 chain mail of fire resistance (worn)
   (You found it on level 5 of the Dungeon)
 I - a +0 cloak (worn)
   (You found it in a sewer)
Jewellery
 i - a ring of see invisible (right hand)
   (You found it on level 9 of the Dungeon)
Wands
 l - a wand of acid (4)
   (You took it off Ijyb on level 3 of the Dungeon)
 A - a wand of paralysis (8)
   (You found it on level 5 of the Dungeon)
 C - a wand of enslavement (10)
   (You took it off an orc warrior on level 6 of the Dungeon)
Scrolls
 e - a scroll of fog
 g - 2 scrolls of enchant armour
 m - 2 scrolls of fear
 o - 4 scrolls of magic mapping
 p - a scroll of enchant weapon
 t - 5 scrolls of teleportation
 x - 3 scrolls of remove curse
 z - 3 scrolls of blinking
 E - a scroll of immolation
Potions
 a - a potion of berserk rage
 d - 2 potions of might
 h - a potion of haste
 n - a potion of resistance
 q - 8 potions of curing
 s - 3 potions of mutation
 w - 4 potions of heal wounds
 D - a potion of ambrosia
 F - 6 potions of flight
 G - a potion of magic


   Skills:
 * Level 8.8 Fighting
 * Level 10.2 Axes
 + Level 7.7 Armour
 + Level 7.7 Shields
 + Level 6.0 Invocations
 + Level 1.9 Evocations


You had 9 spell levels left.
You didn't know any spells.
Your spell library was empty.

Dungeon Overview and Level Annotations

Branches:
Dungeon (11/15)            Temple (0/1) D:6           Sewer (visited)
   Lair: D:8-11         Orc: D:9-12

Altars:
Cheibriados
Elyvilon
Hepliaklqana
Makhleb
Qazlal
Ru
Yredelemnul

Shops:
D:9 :

Annotations:
D:8 2 transporters


Innate Abilities, Weirdness & Mutations

You are resistant to damage.
You can heal yourself by infusing magical energy.
You passively map the area around you.
You do not regenerate.


Message History

Makhleb accepts your kill.
You feel better. The fire giant casts a spell at you.
The bolt of fire hits you!! You resist.
* * * LOW HITPOINT WARNING * * *
You are too injured to fight recklessly!
You are too injured to fight recklessly!
You are too injured to fight recklessly!
You are too injured to fight recklessly!
You are too injured to fight recklessly!
You are too injured to fight recklessly!
You are too injured to fight recklessly!
You are too injured to fight recklessly!
You are too injured to fight recklessly!
You are too injured to fight recklessly!
You are too injured to fight recklessly!
A fire giant is nearby!
You feel much better.
The fire giant hits you with a +1 great sword of flaming!!
You die...

, , , ,
#.#.###.#.#.........# ,,
,,#.##.#†##.#.........#
, #. ##.###.'.........#,
#.##.#.##.#.........# *
, **
#.#.###.#.#.........# *
#..######.#.....[...#. *
*,#.........#.........#.
*,#####'#########'#####.
* ,* #...@.# ##...## #.
* ,#..#.C.#* ##.....###.
,,, ,#. ##...#
##...#...##. * * , , #,
*......#...###...#.
......#..## ##..'. , ,,
, ,,....#..#.).###.).#.
* **, ,
.$.###.##...#...##.
##... .###.....###. , *
##...## #.


You could see a fire giant.

Vanquished Creatures
  A hydra (D:11)
  A gargoyle (D:5)
  2 trolls
  Prince Ribbit (D:9)
  A slime creature (D:11)
  3 hippogriffs
  A water moccasin (D:10)
  2 orc warriors (D:6)
  4 ice beasts
  A necrophage (D:5)
  A black bear (D:11)
  6 ogres
  4 centaurs
  3 big kobolds (Sewer)
  4 bullfrogs
  A scorpion (D:5)
  13 killer bees
  2 howler monkeys
  2 jellies
  7 orc priests
  A centaur skeleton (D:7)
  3 centaur zombies
  5 hounds
  5 orc wizards
  Natasha (twice) (D:3)
  Ijyb (D:3)
  2 iguanas
  4 worker ants
  A killer bee zombie (D:9)
  2 hound zombies (D:6)
  A worker ant zombie (D:7)
  Robin (D:2)
  A howler monkey skeleton (D:8)
  4 adders
  4 shadow imps
  3 white imps
  An ufetubus (D:5)
  2 adder skeletons
  An adder zombie (D:6)
  A worm (D:4)
  2 leopard geckos (D:4)
  42 orcs
  7 giant cockroaches
  13 goblins
  3 hobgoblins (D:3)
  15 jackals
  18 kobolds
  4 quokkas
  4 ball pythons
  6 bats
  3 frilled lizards
  2 jackal skeletons
  A leopard gecko skeleton (D:7)
  7 rats
232 creatures vanquished.

Vanquished Creatures (others)
  A goblin (D:2)
  A fungus (Sewer)
  A plant (Sewer)
3 creatures vanquished.

Grand Total: 235 creatures vanquished

Notes
Turn   | Place    | Note
-------+----------+-------------------------------------------
     0 | D:1      | Flugslaktarn the Deep Dwarf Fighter began the quest for the
                  | Orb.
     0 | D:1      | Reached XP level 1. HP: 20/20 MP: 1/1
   261 | D:1      | Reached XP level 2. HP: 24/27 MP: 2/2
   278 | D:2      | Noticed Robin
   288 | D:2      | Killed Robin
   288 | D:2      | Reached XP level 3. HP: 14/34 MP: 3/3
   342 | D:2      | Reached skill level 3 in Axes
   392 | D:3      | Noticed Ijyb
   405 | D:3      | Killed Ijyb
   405 | D:3      | Reached XP level 4. HP: 33/42 MP: 3/3
   453 | D:3      | Noticed Natasha
   463 | D:3      | Killed Natasha
   487 | D:3      | Noticed Natasha
   497 | D:3      | Killed Natasha
   512 | D:3      | Found a sacrificial altar of Ru.
   615 | D:4      | Noticed an ogre
   617 | D:4      | Reached XP level 5. HP: 46/50 MP: 4/4
   630 | D:4      | Killed an ogre
   630 | D:4      | Reached skill level 4 in Axes
   711 | D:4      | Reached XP level 6. HP: 50/57 MP: 4/4
  1013 | D:4      | Found a glowing drain.
  1032 | Sewer    | Entered a sewer
  1058 | Sewer    | Reached skill level 5 in Axes
  1070 | Sewer    | Reached XP level 7. HP: 50/66 MP: 4/4
  1383 | D:5      | Entered Level 5 of the Dungeon
  1440 | D:5      | Reached skill level 5 in Fighting
  1486 | D:5      | Noticed a gargoyle
  1522 | D:5      | Killed a gargoyle
  1522 | D:5      | Reached skill level 6 in Axes
  1522 | D:5      | Reached skill level 5 in Armour
  1522 | D:5      | Reached skill level 5 in Shields
  1522 | D:5      | Reached XP level 8. HP: 50/75 MP: 4/4
  1896 | D:5      | Reached skill level 7 in Axes
  2012 | D:5      | Found a burning altar of Makhleb.
  2141 | D:5      | Became a worshipper of Makhleb the Destroyer
  2385 | D:5      | Got a dazzling war axe
  2386 | D:5      | Identified the +4 war axe of Gehenna {vorpal, rPois Str+6
                  | SInv} (You found it on level 5 of the Dungeon)
  2446 | D:6      | Reached skill level 1 in Invocations
  2600 | D:6      | Reached * piety under Makhleb
  2602 | D:6      | Gained mutation: You passively map the area around you.
                  | [Deep Dwarf growth]
  2602 | D:6      | Reached XP level 9. HP: 54/85 MP: 6/6
  2662 | D:6      | Found a staircase to the Ecumenical Temple.
  3040 | D:7      | Found a white marble altar of Elyvilon.
  3068 | D:7      | Reached skill level 8 in Axes
  3651 | D:8      | Reached ** piety under Makhleb
  3929 | D:8      | Reached skill level 9 in Axes
  4047 | D:8      | Found a transporter.
  4047 | D:8      | Found a transporter.
  4048 | D:8      | Noticed a deep elf knight
  4051 | D:8      | Found a hazy altar of Hepliaklqana.
  4051 | D:8      | Found a basalt altar of Yredelemnul.
  4180 | D:8      | Found a stormy altar of Qazlal.
  4180 | D:8      | Found a snail-covered altar of Cheibriados.
  4571 | D:9      | Noticed a troll
  4576 | D:9      | Killed a troll
  4576 | D:9      | Reached XP level 10. HP: 77/96 MP: 7/7
  4681 | D:9      | Found Nyvyecoem's Book Shoppe.
  4877 | D:9      | Reached skill level 5 in Invocations
  4891 | D:9      | Got a glittering garnet amulet
  4968 | D:9      | Noticed Prince Ribbit
  5020 | D:9      | Killed Prince Ribbit
  5061 | D:10     | Entered Level 10 of the Dungeon
  5069 | D:10     | Identified the amulet "Efucud" {RegenMP +Blink Str+3 Dex+2}
                  | (You found it on level 9 of the Dungeon)
  5747 | D:11     | Noticed a four-headed hydra
  5763 | D:11     | Killed an eight-headed hydra
  5763 | D:11     | Reached skill level 10 in Axes
  5763 | D:11     | Reached skill level 1 in Evocations
  5781 | D:11     | Reached *** piety under Makhleb
  5844 | D:11     | Noticed a fire giant
  5850 | D:11     | Slain by a fire giant

Illustrated notes

Levels and vault maps discovered:
D:1:      heliophobic_arrival_battle_scene, layout_loops_ring
D:2:      layout_basic, uniq_robin
D:3:      layout_basic, nicolae_ru_the_path_less_chosen, uniq_ijyb, uniq_natasha
D:4:      layout_rooms, cheibrodos_sewer_entry_bend
D:5:      layout_cave_pods, nicolae_overflow_crystal_walls
D:6:      layout_rooms, minmay_temple_entry_statues_pillars
D:7:      layout_basic, nicolae_overflow_hidden_temple,
          chequers_serial_rivers_micro_c, kennysheep_pointless_box
D:8:      layout_basic, gammafunk_temple_overflow_arena,
          gammafunk_temple_overflow_statue
D:9:      layout_loops_ring, serial_shops, shop_fountains,
          grunt_decor_one_mirror, lightli_orcish_oven, uniq_prince_ribbit1
D:10:     layout_rooms, hangedman_decor_clover_reticule
D:11:     minmay_the_grid_4x2 [minmay_the_grid_holed_spiral,
          minmay_the_grid_garden, minmay_the_grid_eight,
          minmay_the_grid_stretched_grid, minmay_the_grid_outer_diamond,
          minmay_the_grid_empty, minmay_the_grid_box_x,
          minmay_the_grid_prize_four_corners_diamond_a], layout_loops_corners,
          orc_0_dummy

Skill      XL: |  1  2  3  4  5  6  7  8  9 10 |
---------------+-------------------------------+-----
Fighting       | 3 4 5 6 7 8 |  8.8
Axes           | 3 4 5 6 7 9 10 | 10.2
Armour         | 4 5 6 7 |  7.7
Shields        | 4 5 6 7 |  7.7
Invocations    | 2 4 6 |  6.0
Evocations     | 1 |  1.9

Action                   |  1- 3 |  4- 6 |  7- 9 | 10-12 || total
-------------------------+-------+-------+-------+-------++-------
Melee: War axe           |    70 |   115 |   349 |   123 ||   657
 Abil: Heal Wounds       |     1 |     6 |    14 |     5 ||    26
Evoke: Wand              |       |       |       |     7 ||     7
  Use: Scroll            |       |       |       |    21 ||    21
Armor: Scale mail        |    49 |    47 |    36 |       ||   132
       Chain mail        |       |       |   169 |    56 ||   225
Dodge: Dodged            |    36 |    25 |   137 |    39 ||   237
Block: Kite shield       |    42 |    62 |   285 |    89 ||   478

Table legend: (Time is in decaauts)
 A = Elapsed time spent in this place.
 B = Non-inter-level travel time spent in this place.
 C = Inter-level travel time spent in this place.
 D = Time resting spent in this place.
 E = Time spent auto-exploring this place.
 F = Levels seen in this place.
 G = Mean time per level.
                   A        B        C        D        E       F      G
               +--------+--------+--------+--------+--------+-----+--------+
         Total |   6034 |   5721 |    313 |      0 |   4295 |  12 |  502.8 |
       Dungeon |   5738 |   5425 |    313 |      0 |   4149 |  11 |  521.6 |
         Sewer |    296 |    296 |      0 |      0 |    146 |   1 |  296.0 |
               +--------+--------+--------+--------+--------+-----+--------+

Top non-repeatable levels by time:
     D:5: 1056 daAuts
     D:8: 839 daAuts
     D:7: 688 daAuts
     D:9: 656 daAuts
    D:10: 599 daAuts
     D:4: 538 daAuts
     D:6: 498 daAuts
   Sewer: 296 daAuts
     D:1: 292 daAuts
     D:3: 252 daAuts
    D:11: 191 daAuts
     D:2: 124 daAuts
